 Dungeon Crawl Stone Soup version 0.22-a0-280-g69bf1f3 (webtiles) character file.

24894 galech the Grappler (level 12, -11/127 HPs)
             Began as a Troll Monk on Mar 16, 2018.
             Was the Champion of Okawaru.
             Splashed by an oklob plant's acid (13 damage)
             ... on level 3 of the Lair of Beasts.
             The game lasted 00:20:27 (12015 turns).

galech the Grappler (Troll Monk)                   Turns: 12015, Time: 00:20:28

Health: -11/127    AC:  9    Str: 26    XL:     12   Next: 84%
Magic:  0/13       EV: 27    Int: 11    God:    Okawaru [******]
Gold:   666        SH:  0    Dex: 12    Spells: 11/11 levels left

rFire    . . .     SeeInvis +     - Unarmed
rCold    . . .     Gourm    +   (no shield)
rNeg     + . .     Faith    .   N - +1 pearl dragon scales
rPois    .         Spirit   +   z - +2 hat {MR+}
rElec    .         Reflect  .   Q - scarf {Spirit}
rCorr    .         Harm     .   (gloves unavailable)
MR       +....                  (boots unavailable)
Stlth    ..........             A - amulet of the acrobat
HPRegen  0.71/turn              l - ring of see invisible
MPRegen  0.13/turn              E - +5 ring of intelligence

@: corroded
A: large, unfitting armour, claws 3, fast metabolism 3, gourmand, regeneration
1, shaggy fur 1, tough skin 2
a: Heroism, Finesse, Renounce Religion


You were on level 3 of the Lair of Beasts.
You worshipped Okawaru.
Okawaru was exalted by your worship.
You were very full.

You visited 3 branches of the dungeon, and saw 15 of its levels.

You collected 901 gold pieces.
You spent 235 gold pieces at shops.

Inventory:

Armour
 a - a +0 robe
 m - a +0 cloak
 w - the +1 robe of Rivyneq {Str+4}
   (You bought it in a shop on level 4 of the Dungeon)

   It affects your strength (+4).
 y - a +2 robe of positive energy
 z - a +2 hat of magic resistance (worn)
 N - +1 pearl dragon scales (worn)
 Q - a scarf of spirit shield (worn)
Jewellery
 f - an uncursed ring of positive energy
 l - a ring of see invisible (left claw)
 A - an amulet of the acrobat (around neck)
 E - a +5 ring of intelligence (right claw)
 P - an uncursed amulet of rage {unknown}
Wands
 o - a wand of paralysis (6)
 C - a wand of flame (31)
 D - a wand of polymorph (9)
 H - a wand of clouds (13)
 K - a wand of iceblast (7)
Scrolls
 j - a scroll of noise
 k - 2 scrolls of magic mapping
 p - 4 scrolls of fog
 q - 3 scrolls of enchant weapon
 r - a scroll of fear
 t - 2 scrolls of teleportation
 x - 3 scrolls of remove curse
 B - 2 scrolls of identify
 F - a scroll of random uselessness
 I - 2 scrolls of torment
 J - a scroll of enchant armour
Potions
 c - a potion of lignification {unknown}
 d - a potion of agility {unknown}
 e - 5 potions of flight {unknown}
 g - 3 potions of curing {unknown}
 h - 2 potions of brilliance {unknown}
 i - 4 potions of degeneration {unknown}
 n - 2 potions of resistance {unknown}
 s - 2 potions of berserk rage {unknown}
 u - 2 potions of heal wounds {unknown}
 v - 2 potions of haste {unknown}
 G - a potion of cancellation {unknown}
 M - a potion of ambrosia {unknown}
 O - a potion of invisibility {unknown}
Comestibles
 b - 28 rations


   Skills:
 + Level 10.5 Fighting
 + Level 3.3 Armour
 + Level 10.5 Dodging
 - Level 1.3 Stealth
 + Level 12.4 Unarmed Combat
 + Level 3.7 Invocations


You had 11 spell levels left.
You didn't know any spells.

Dungeon Overview and Level Annotations

Branches:
Dungeon (11/15)            Temple (1/1) D:4            Lair (3/6) D:9
 Shoals (0/4) Lair:2        Snake (0/4) Lair:2
    Orc: D:9-12

Altars:
Ashenzari
Cheibriados
Dithmenos
Elyvilon
Fedhas
Gozag
Hepliaklqana
Kikubaaqudgha
Makhleb
Nemelex Xobeh
Okawaru
Qazlal
Ru
Sif Muna
Trog
Uskayaw
Vehumet
Wu Jian
Xom
Yredelemnul
Zin
The Shining One

Shops:
D:4 [   D:8 [

Annotations:
D:9 1 runed door
Lair:3 exclusion: 2 oklob plants


Innate Abilities, Weirdness & Mutations

You are too large for most types of armour.
You have claws for hands.
Your metabolism is lightning-fast.
You like to eat raw meat.
Your natural rate of healing is unusually fast.
You are covered in fur. (AC +1)
You have very tough skin. (AC +2)


Message History

You scratch the oklob plant but do no damage.
The oklob plant spits acid at you. The splash of acid hits you!
* * * LOW HITPOINT WARNING * * *
You are splashed with acid!
The acid burns!
* * * LOW HITPOINT WARNING * * *
You claw the oklob plant!
The oklob plant is lightly damaged.
Okay, then.
Okay, then.
The oklob plant spits acid at you. The splash of acid hits you!
* * * LOW HITPOINT WARNING * * *
The acid corrodes you!
You are splashed with acid!
The acid burns!
* * * LOW HITPOINT WARNING * * *
The oklob plant spits acid at you. The splash of acid hits you!
* * * LOW HITPOINT WARNING * * *
You are splashed with acid!
The acid burns!
You die...

# .........<. .#.
###.......##. #.#
..##........#.
..##..##.......##.
#####..#.#.#.....<.#.#
#PP?P..P.#.........#..
#..)P.............รท...
#.....................
#####@................
#....................
#....#...##..........
#..#..#.####...#.#..#
#.........##...#.####
#.........##..[## #
##.#......##.. .
##.#......PP. .
#..##....... ..


You could see 2 oklob plants.

Vanquished Creatures
  Gastronok (D:8)
  2 hydras
  A two-headed ogre (D:9)
  Nergalle (D:10)
  3 merfolk sirens (Lair:2)
  Joseph (D:8)
  The ghost of GameOver the Sneak, a novice NaWz (D:6)
  Maurice (D:9)
  Psyche (D:8)
  5 spiny frogs
  A torpor snail (Lair:2)
  2 komodo dragons (Lair:3)
  A polar bear (Lair:2)
  A merfolk (Lair:2)
  5 blink frogs (Lair:3)
  4 slime creatures
  5 hippogriffs
  A spriggan (Lair:2)
  3 wyverns
  22 yaks
  3 basilisks
  A steam dragon (D:8)
  4 nagas (Lair:2)
  Edmund (D:4)
  11 porcupines
  An acid dragon (D:7)
  6 water moccasins
  4 phantoms
  3 orc warriors
  2 ice beasts
  2 black bears
  2 necrophages
  6 ogres
  12 wolves
  3 centaurs
  5 crocodiles
  12 bullfrogs
  A wyvern skeleton (D:8)
  3 scorpions
  6 killer bees (D:9)
  6 howler monkeys
  12 wights
  3 crimson imps
  A bullfrog zombie (D:10)
  4 hounds
  A quasit (D:9)
  3 centaur zombies
  5 jellies
  4 centaur skeletons
  4 orc priests
  7 orc wizards
  2 iguanas
  Ijyb (D:4)
  Jessica (D:2)
  3 worker ants
  A hound skeleton (D:7)
  A hound zombie (D:5)
  9 gnolls
  19 adders
  2 shadow imps
  A white imp (D:5)
  5 oozes (D:10)
  An adder zombie (D:7)
  An adder skeleton (D:9)
  4 worms
  2 dart slugs
  5 leopard geckos
  29 orcs
  A ball python (D:2)
  4 bats
  4 giant cockroaches
  11 goblins
  7 hobgoblins
  16 jackals
  6 quokkas
  6 frilled lizards
  2 goblin skeletons (D:5)
  A goblin zombie (D:5)
  5 hobgoblin zombies (D:5)
  9 kobolds
  A kobold zombie (D:5)
  An orc zombie (D:5)
  8 rats
  2 plants
371 creatures vanquished.

Vanquished Creatures (others)
  2 bushes (D:6)
  3 fungi (Lair:2)
5 creatures vanquished.

Grand Total: 376 creatures vanquished

Notes
Turn   | Place    | Note
-------+----------+-------------------------------------------
     0 | D:1      | galech the Troll Monk began the quest for the Orb.
     0 | D:1      | Reached XP level 1. HP: 22/22 MP: 0/0
    72 | D:1      | Reached XP level 2. HP: 29/29 MP: 1/1
   458 | D:1      | Reached XP level 3. HP: 36/36 MP: 2/2
   904 | D:2      | Reached skill level 4 in Unarmed Combat
   904 | D:2      | Reached XP level 4. HP: 44/44 MP: 3/3
  1000 | D:2      | Reached XP level 5. HP: 41/53 MP: 4/4
  1125 | D:2      | Noticed an ogre
  1133 | D:2      | Killed an ogre
  1133 | D:2      | Reached skill level 5 in Unarmed Combat
  1246 | D:2      | Reached XP level 6. HP: 53/61 MP: 5/5
  1412 | D:3      | Noticed Jessica
  1462 | D:2      | Killed Jessica
  2052 | D:4      | Found Vecyif's Armour Boutique.
  2086 | D:4      | Reached XP level 7. HP: 59/70 MP: 6/6
  2121 | D:4      | Noticed Edmund
  2130 | D:4      | Killed Edmund
  2349 | D:4      | Noticed Ijyb
  2361 | D:4      | Killed Ijyb
  2364 | D:4      | Reached skill level 6 in Unarmed Combat
  2617 | D:4      | Found a staircase to the Ecumenical Temple.
  2717 | Temple   | Entered the Ecumenical Temple
  2886 | D:5      | Entered Level 5 of the Dungeon
  3157 | D:5      | Found a glowing golden altar of the Shining One.
  3170 | D:5      | Reached XP level 8. HP: 76/79 MP: 7/7
  3417 | D:5      | Reached skill level 5 in Dodging
  3602 | D:5      | Reached skill level 5 in Fighting
  3765 | D:6      | Noticed GameOver's ghost (novice NaWz)
  3800 | D:6      | Reached skill level 7 in Unarmed Combat
  3914 | D:6      | Killed GameOver's ghost
  4301 | D:6      | Found a stormy altar of Qazlal.
  4304 | D:6      | Found a sacrificial altar of Ru.
  4408 | D:6      | Reached XP level 9. HP: 70/89 MP: 8/8
  4807 | D:6      | Reached skill level 8 in Unarmed Combat
  4927 | D:6      | Found a faded altar of an unknown god.
  4927 | D:6      | Found a faded altar of an unknown god.
  4932 | D:6      | Found a shattered altar of Ashenzari.
  4934 | D:6      | Found an iron altar of Okawaru.
  4936 | D:6      | Found a blossoming altar of Fedhas.
  4940 | D:6      | Became a worshipper of Warmaster Okawaru
  4940 | D:6      | Reached * piety under Okawaru
  4940 | D:6      | Reached ** piety under Okawaru
  5311 | D:7      | Found a sacrificial altar of Ru.
  6074 | D:8      | Found Qoejaac's Antique Armour Shoppe.
  6281 | D:4      | Bought the cursed +1 robe of Rivyneq {Str+4} for 235 gold pieces
  6400 | D:8      | Reached skill level 9 in Unarmed Combat
  6415 | D:8      | Noticed Psyche
  6425 | D:8      | Killed Psyche
  6425 | D:8      | Reached XP level 10. HP: 90/102 MP: 9/9
  6429 | D:8      | Noticed Gastronok
  6457 | D:8      | HP: 5/102 [orc wizard/magic dart (3)]
  6458 | D:8      | Killed Gastronok
  6458 | D:8      | Reached *** piety under Okawaru
  6458 | D:8      | Reached **** piety under Okawaru
  6785 | D:8      | Noticed Joseph
  6794 | D:8      | Killed Joseph
  6794 | D:8      | Reached skill level 10 in Unarmed Combat
  7354 | D:9      | Found a shimmering altar of Xom.
  7492 | D:9      | Found a staircase to the Lair.
  7565 | D:9      | Found a runed door.
  7565 | D:9      | Noticed a deep elf archer
  7565 | D:9      | Noticed a centaur warrior
  7565 | D:9      | Noticed a brown very ugly thing
  7567 | D:9      | Noticed a deep elf mage
  7567 | D:9      | Noticed a wolf spider
  7567 | D:9      | Noticed a glowing orange brain
  7567 | D:9      | Noticed an orc knight
  7567 | D:9      | Noticed a deep troll earth mage
  7668 | D:9      | Noticed a two-headed ogre
  7676 | D:9      | Killed a two-headed ogre
  7676 | D:9      | Reached XP level 11. HP: 93/113 MP: 7/10
  7714 | D:9      | Reached ***** piety under Okawaru
  7903 | D:9      | Noticed Maurice
  7908 | D:9      | Killed Maurice
  8127 | D:10     | Entered Level 10 of the Dungeon
  8142 | D:10     | Noticed Nergalle
  8169 | D:10     | Killed Nergalle
  8567 | D:10     | Found an opulent altar of Gozag.
  8584 | D:10     | Found an opulent altar of Gozag.
  8731 | D:10     | Reached skill level 11 in Unarmed Combat
  8751 | D:10     | Received a gift from Okawaru
  9034 | D:11     | Noticed a six-headed hydra
  9210 | Lair:1   | Entered Level 1 of the Lair of Beasts
  9978 | Lair:2   | Received a gift from Okawaru
  9998 | Lair:2   | Reached XP level 12. HP: 73/126 MP: 11/11
 10010 | Lair:2   | Reached ****** piety under Okawaru
 10011 | Lair:2   | Found a staircase to the Shoals.
 10337 | Lair:2   | Found a staircase to the Snake Pit.
 10367 | Lair:2   | Reached skill level 10 in Fighting
 10377 | Lair:2   | Reached skill level 10 in Dodging
 10388 | Lair:2   | Reached skill level 1 in Invocations
 10396 | Lair:2   | Reached skill level 1 in Armour
 10514 | Lair:2   | Noticed a six-headed hydra
 10522 | Lair:2   | Killed a ten-headed hydra
 10522 | Lair:2   | Reached skill level 12 in Unarmed Combat
 11245 | Lair:3   | Noticed a seven-headed hydra
 11254 | Lair:3   | Killed a 12-headed hydra
 11588 | Lair:3   | Received a gift from Okawaru
 12015 | Lair:3   | HP: 2/127 [oklob plant/splash of acid (8)]
 12015 | Lair:3   | Splashed by an oklob plant's acid

Vault maps used:
D:1:      minmay_arrival_three_doors, corexii_leaking_fountain
D:2:      small_statue_intersection
D:3:      cheibrodos_old_hovel, first_ration, minmay_misc_feat_nine_boxes,
          uniq_jessica
D:4:      minmay_temple_entry_poolview, serial_shops, shop, uniq_edmund,
          uniq_ijyb
D:5:      nicolae_tso_besieged_by_evil
D:6:      minmay_klotski, chequers_temple_overflow_minitemple,
          nicolae_overflow_hidden_temple
D:7:      basic_altar
D:8:      serial_shops, nicolae_shop_crystal, uniq_psyche, uniq_gastronok,
          uniq_joseph
D:9:      minmay_gate_of_8, kennysheep_little_box, lair_entry_dummy,
          uniq_maurice
D:10:     basic_altar, hangedman_little_slice_of_home, grunt_gozag_breadcrumbs,
          uniq_nergalle
D:11:     minmay_orc_entry_guard_dogs
Temple:   compressed_dpeg_circular_temple
Lair:2:   elwin_shoals_entry_stream, minmay_snake_entry_guardpost_small,
          wad_woods_road_06, forest_entry_grove
Lair:3:   hibernation_bobbens, minmay_lair_oklob_chamber,
          infiniplex_staircase_pool_2

Skill      XL: |  1  2  3  4  5  6  7  8  9 10 11 12 |
---------------+-------------------------------------+-----
Dodging        | 3 4 6 7 8 9 10 | 10.5
Unarmed Combat | 4 5 6 7 9 10 11 12 | 12.4
Fighting       | 3 4 5 7 8 9 10 | 10.5
Invocations    | 3 |  3.7
Armour         | 3 |  3.3
Stealth        | |  1.3

Action                   |  1- 3 |  4- 6 |  7- 9 | 10-12 || total
-------------------------+-------+-------+-------+-------++-------
Melee: Unarmed           |   110 |   175 |   359 |   611 ||  1255
       Punch             |     3 |       |    19 |    43 ||    65
Invok: Heroism           |       |       |     1 |     6 ||     7
  Use: Scroll            |       |       |     7 |     5 ||    12
 Stab: Sleeping          |     3 |     1 |     3 |     3 ||    10
  Eat: Chunk             |    14 |    11 |    36 |    54 ||   115
Armor: Robe              |    46 |    55 |    92 |    77 ||   270
       Pearl dragon scal |       |       |       |   180 ||   180
Dodge: Dodged            |    59 |    94 |   224 |   440 ||   817

Table legend:
 A = Spawn XP
 B = Non-spawn XP
 C = Spawn XP percentage of total XP
 D = Spawn monster count
 E = Non-spawn monster count
 F = Spawn count percentage of total count
 G = Total turns spent on level
                    A         B        C        D         E        F      G
               +---------+---------+-------+---------+---------+-------+---------
         Total |       0 |   35564 |   0.0 |       0 |     369 |   0.0 | 12015
               +---------+---------+-------+---------+---------+-------+---------
           D:1 |       0 |      53 |   0.0 |       0 |      32 |   0.0 |   770
           D:2 |       0 |     459 |   0.0 |       0 |      29 |   0.0 |   693
           D:3 |       0 |      75 |   0.0 |       0 |      25 |   0.0 |   589
           D:4 |       0 |     666 |   0.0 |       0 |      15 |   0.0 |   764
           D:5 |       0 |     591 |   0.0 |       0 |      28 |   0.0 |  1010
           D:6 |       0 |    2077 |   0.0 |       0 |      44 |   0.0 |  1551
           D:7 |       0 |     655 |   0.0 |       0 |      15 |   0.0 |   871
           D:8 |       0 |    4761 |   0.0 |       0 |      27 |   0.0 |   888
           D:9 |       0 |    2795 |   0.0 |       0 |      27 |   0.0 |   870
          D:10 |       0 |    3787 |   0.0 |       0 |      36 |   0.0 |  1061
          D:11 |       0 |     497 |   0.0 |       0 |       2 |   0.0 |    17
        Lair:1 |       0 |    3043 |   0.0 |       0 |      18 |   0.0 |   717
        Lair:2 |       0 |   10002 |   0.0 |       0 |      44 |   0.0 |  1294
        Lair:3 |       0 |    6103 |   0.0 |       0 |      27 |   0.0 |   794
               +---------+---------+-------+---------+---------+-------+---------
